[Event "Estonian Chess Championship 2022"]
[Site "Tallinn, Paul Keres Chess House, Estonia"]
[Date "2022.12.10"]
[Round "1.1"]
[White "Kiik, Kalle"]
[Black "Kanep, Meelis"]
[Result "1/2-1/2"]
[TimeControl "90 minutes for first 40 moves and 15 min. for the rest of the game with 30 sec. increment from move 1"]
[WhiteTitle "IM"]
[BlackTitle "GM"]
[WhiteFideId "4500075"]
[BlackFideId "4501047"]
[WhiteElo "2369"]
[BlackElo "2412"]

1. e4 c5 2. Nf3 d6 3. Bb5+ Bd7 4. Bxd7+ Nxd7 5. O-O Ngf6 6. d3 g6 7. c4 Bg7 8. Nc3 O-O 9. h3 a6 10. Be3 Rc8 11. Qd2 Re8 12. Rab1 e6 13. Bg5 Qc7 14. Rfe1 Ne5 1/2-1/2

[Event "Estonian Chess Championship 2022"]
[Site "Tallinn, Paul Keres Chess House, Estonia"]
[Date "2022.12.10"]
[Round "1.2"]
[White "Volodin, Aleksandr"]
[Black "Medar, Marti"]
[Result "1-0"]
[TimeControl "90 minutes for first 40 moves and 15 min. for the rest of the game with 30 sec. increment from move 1"]
[WhiteTitle "GM"]
[WhiteFideId "4501950"]
[BlackFideId "4501870"]
[WhiteElo "2440"]
[BlackElo "2069"]

1. d4 d6 2. c4 e5 3. Nc3 Nd7 4. Nf3 Ngf6 5. g3 c6 6. Bg2 Be7 7. O-O O-O 8. e4 Qc7 9. h3 Re8 10. Be3 a5 11. b3 b6 12. Qc2 Ba6 13. Rfe1 b5 14. Nd2 b4 15. Na4 c5 16. d5 Nf8 17. f4 Nh5 18. Qd1 g6 19. fxe5 dxe5 20. Qf3 Bd6 21. Rf1 f6 22. Qf2 Nd7 23. Bf3 Nf4 24. Qh2 Nh5 25. Bxh5 gxh5 26. Qe2 Re7 27. Qxh5 Rg7 28. Kh2 Bc8 29. Rf2 Rg6 30. Raf1 Be7 31. Nf3 f5 32. Ng5 Nf6 33. Qd1 h6 34. Ne6 Bxe6 35. exf5 Bxf5 36. Rxf5 Kg7 37. d6 Qxd6 38. Qxd6 Bxd6 39. Bxc5 Bc7 40. Be7 Ne4 41. Bh4 Bd8 42. Rxe5 Bxh4 43. gxh4 Ng3 44. Rf2 Rd8 45. h5 Nf1+ 46. Rxf1 Rd2+ 47. Kh1 1-0

[Event "Estonian Chess Championship 2022"]
[Site "Tallinn, Paul Keres Chess House, Estonia"]
[Date "2022.12.10"]
[Round "1.3"]
[White "Seeman, Tarvo"]
[Black "Timoshin, Andrei"]
[Result "1/2-1/2"]
[TimeControl "90 minutes for first 40 moves and 15 min. for the rest of the game with 30 sec. increment from move 1"]
[WhiteTitle "IM"]
[WhiteFideId "4500547"]
[BlackFideId "4503503"]
[WhiteElo "2405"]
[BlackElo "2179"]

1. Nf3 d5 2. g3 g6 3. Bg2 Bg7 4. d4 Nf6 5. O-O O-O 6. c4 c6 7. cxd5 cxd5 8. Nc3 Ne4 9. Ne5 Nxc3 10. bxc3 Nc6 11. Nxc6 bxc6 12. Qa4 Bd7 13. Qa3 e5 14. dxe5 Bxe5 15. Be3 Qf6 16. Rac1 Rfe8 17. Bc5 h5 18. h4 Bg4 19. Rfe1 Bc7 20. e3 Bf3 21. Bd4 Qf5 22. Qa4 Bxg2 23. Kxg2 Qe4+ 24. f3 Qe6 25. e4 dxe4 26. Rxe4 Qd6 27. Bf2 Rxe4 28. Qxe4 Bb6 29. Rc2 Rd8 30. Re2 Qd1 31. Bxb6 axb6 32. Qc2 1/2-1/2

[Event "Estonian Chess Championship 2022"]
[Site "Tallinn, Paul Keres Chess House, Estonia"]
[Date "2022.12.10"]
[Round "1.4"]
[White "Rychagov, Nikita"]
[Black "Soot, Margus"]
[Result "1-0"]
[TimeControl "90 minutes for first 40 moves and 15 min. for the rest of the game with 30 sec. increment from move 1"]
[WhiteFideId "4508394"]
[BlackFideId "4501160"]
[WhiteElo "2180"]
[BlackElo "2121"]

1. e4 c5 2. Nf3 e6 3. d4 cxd4 4. Nxd4 Nf6 5. Nc3 Nc6 6. Ndb5 d6 7. Bf4 e5 8. Bg5 a6 9. Na3 Be7 10. Nc4 Nd4 11. Bxf6 gxf6 12. Nd5 Be6 13. c3 Nc6 14. Nce3 O-O 15. Bd3 Kh8 16. Qf3 Rg8 17. g3 Rc8 18. h4 Nb8 19. Bf1 Nd7 20. Bh3 Nb6 21. O-O-O Rc5 22. Bf5 Nc4 23. Nxc4 Rxc4 24. Rd2 Bxd5 25. Rxd5 Rc6 26. Rhd1 Qc7 27. Kb1 b5 28. Qh5 Rg7 29. R5d3 a5 30. Rd5 Rc5 31. Qe2 b4 32. cxb4 axb4 33. Rxc5 Qxc5 34. Rc1 Qb6 35. Rc8+ Bd8 36. Qe3 Qa5 37. b3 d5 38. Qh6 Qb6 39. exd5 Qd6 40. Qd2 e4 41. Bxe4 Qd7 42. Qc2 Rg8 43. Qc6 Qe7 44. d6 Qe6 45. d7 Qe7 46. Qd5 Rg4 47. Bxh7 Qe1+ 48. Rc1 Qxf2 49. Qh5 Rg7 50. Be4+ Kg8 51. Qa5 Bxa5 52. Rc8+ Bd8 53. Rxd8# 1-0

[Event "Estonian Chess Championship 2022"]
[Site "Tallinn, Paul Keres Chess House, Estonia"]
[Date "2022.12.10"]
[Round "1.5"]
[White "Sirosh, Ilja"]
[Black "Kulaots, Kaido"]
[Result "0-1"]
[TimeControl "90 minutes for first 40 moves and 15 min. for the rest of the game with 30 sec. increment from move 1"]
[WhiteTitle "IM"]
[BlackTitle "GM"]
[WhiteFideId "4500458"]
[BlackFideId "4500261"]
[WhiteElo "2386"]
[BlackElo "2513"]

1. e4 c5 2. Nf3 Nc6 3. d4 cxd4 4. Nxd4 Nf6 5. Nc3 d6 6. Bg5 e6 7. Qd3 Bd7 8. O-O-O a6 9. f4 h6 10. Bh4 g5 11. fxg5 Ng4 12. Nxc6 Bxc6 13. Be2 hxg5 14. Bg3 Ne5 15. Qd4 Qc7 16. h4 gxh4 17. Bxh4 Be7 18. Bxe7 Kxe7 19. g4 Rxh1 20. Rxh1 Rg8 21. Qf2 Qa5 22. Qh4+ Kd7 23. Qf2 Qc5 24. Qf4 b5 25. a3 a5 26. Rh7 Ke7 27. Nd1 b4 28. g5 Ba4 29. Ne3 Bxc2 30. Nxc2 b3 31. Qf6+ Kd7 32. Bd1 bxc2 33. Bxc2 Qg1+ 34. Kd2 Qd4+ 35. Kc1 Qg1+ 36. Kd2 Qd4+ 37. Kc1 Rb8 38. Rxf7+ Kc6 39. Qf2 Qxb2+ 40. Kd1 Qa1+ 41. Kd2 Nc4+ 42. Ke2 Rb2 43. Kf3 Qxa3+ 44. Kf4 e5+ 45. Kf5 Ne3+ 46. Kg6 Rxc2 47. Qf6 Qd3 48. Qe6 Qxe4 49. Kg7 Nc4 50. g6 Rg2 51. Rf6 Kc5 52. Kf8 a4 53. Qe8 a3 54. g7 a2 55. Qa4 Qb1 56. Qa7+ Qb6 57. Qa8 Qc6 58. Qa7+ Kb4 59. Rf7 Qc8+ 60. Ke7 Na5 0-1

[Event "Estonian Chess Championship 2022"]
[Site "Tallinn, Paul Keres Chess House, Estonia"]
[Date "2022.12.11"]
[Round "2.1"]
[White "Kanep, Meelis"]
[Black "Kulaots, Kaido"]
[Result "1/2-1/2"]
[TimeControl "90 minutes for first 40 moves and 15 min. for the rest of the game with 30 sec. increment from move 1"]
[WhiteTitle "GM"]
[BlackTitle "GM"]
[WhiteFideId "4501047"]
[BlackFideId "4500261"]
[WhiteElo "2412"]
[BlackElo "2513"]

1. Nf3 Nf6 2. g3 g6 3. Bg2 Bg7 4. O-O O-O 5. d4 d5 6. c4 c6 7. cxd5 cxd5 8. Ne5 Ng4 9. Nf3 Nf6 10. Ne5 Ng4 11. Nf3 Nf6 12. Ne5 1/2-1/2

[Event "Estonian Chess Championship 2022"]
[Site "Tallinn, Paul Keres Chess House, Estonia"]
[Date "2022.12.11"]
[Round "2.2"]
[White "Soot, Margus"]
[Black "Sirosh, Ilja"]
[Result "1/2-1/2"]
[TimeControl "90 minutes for first 40 moves and 15 min. for the rest of the game with 30 sec. increment from move 1"]
[BlackTitle "IM"]
[WhiteFideId "4501160"]
[BlackFideId "4500458"]
[WhiteElo "2121"]
[BlackElo "2386"]

1. e4 c5 2. Nc3 Nc6 3. Be2 Nf6 4. Nf3 e5 5. O-O Be7 6. Re1 O-O 7. h3 d6 8. b3 h6 9. Bb2 Be6 10. Bf1 Qd7 11. a4 Rae8 12. Nh2 Bd8 13. Bc4 Nh7 14. Nd5 f5 15. f4 fxe4 16. fxe5 dxe5 17. Ne3 Bh4 18. Rf1 Rxf1+ 19. Nhxf1 Qf7 20. Bxe6 Rxe6 21. Qg4 Bf2+ 22. Kh1 Nf6 23. Qe2 Bxe3 24. dxe3 Rd6 25. Rd1 Rxd1 26. Qxd1 Qd5 27. Qe2 c4 28. Qxc4 Qxc4 29. bxc4 Kf7 30. Nd2 Ke6 31. Ba3 g6 32. Kg1 b6 33. Kf2 Na5 34. c5 Kd5 35. cxb6 axb6 36. Bb4 Nc4 37. Nb3 Nd7 38. a5 bxa5 39. Nxa5 Nxa5 40. Bxa5 Nc5 41. Bb4 Ne6 42. Ke2 h5 43. Kd2 Kc4 44. Bd6 Kd5 45. Ba3 Kc4 46. Bb2 Kb4 47. Bxe5 Kc4 48. Bf6 Nc7 49. Ke2 Ne6 50. Kf2 Kd5 51. Kg3 Kc4 52. Kh4 Kd5 53. g4 hxg4 54. Kxg4 Kc4 55. h4 Kd5 56. Be7 Kc4 57. Bf6 Kd5 58. Bb2 Kc4 59. Be5 Kd5 60. Bg3 Kc4 61. Be1 Kd5 62. Bf2 Kc4 63. Be1 Kd5 64. Bb4 Kc4 65. Ba5 Kb5 66. Bc3 Kc4 67. Ba1 Kd5 68. Bh8 Kc4 69. Bf6 Kd5 70. Be7 Kc4 71. h5 gxh5 72. Kf5 Kd5 73. c4+ Kxc4 74. Kxe6 Kd3 75. Bg5 h4 76. Kf5 h3 77. Bf4 h2 1/2-1/2

[Event "Estonian Chess Championship 2022"]
[Site "Tallinn, Paul Keres Chess House, Estonia"]
[Date "2022.12.11"]
[Round "2.3"]
[White "Timoshin, Andrei"]
[Black "Rychagov, Nikita"]
[Result "1-0"]
[TimeControl "90 minutes for first 40 moves and 15 min. for the rest of the game with 30 sec. increment from move 1"]
[WhiteFideId "4503503"]
[BlackFideId "4508394"]
[WhiteElo "2179"]
[BlackElo "2180"]

1. Nf3 d5 2. g3 Nd7 3. d4 Nb6 4. Bg2 Bf5 5. O-O e6 6. b3 Nf6 7. Nbd2 h6 8. a4 a5 9. c4 c6 10. Re1 Bb4 11. Ba3 Bxa3 12. Rxa3 O-O 13. Ra2 Ne4 14. Qa1 Nd7 15. Nxe4 Bxe4 16. Qc3 Qb6 17. Nd2 Bxg2 18. Kxg2 c5 19. cxd5 cxd4 20. Qf3 e5 21. e3 Rac8 22. exd4 exd4 23. Nc4 Qb4 24. Rd1 Nc5 25. Rb2 d3 26. Rbb1 Rfd8 27. Ne5 Qe4 28. Qxe4 Nxe4 29. Rxd3 Rc2 30. Rf1 Nc5 31. Rdd1 Nxb3 32. Rfe1 Rd6 33. Ng4 Rc4 34. Re8+ Kh7 35. Ne5 Rd4 36. Rxd4 Nxd4 37. Rh8+ Kxh8 38. Nxf7+ Kg8 39. Nxd6 b6 40. Nc4 b5 41. axb5 Nxb5 42. Nxa5 Nc3 43. d6 Kf7 44. Kf3 Ke6 45. Nc4 Nd5 46. Ke4 Nf6+ 47. Kd4 Nd7 48. f4 h5 49. h3 Kf5 50. Ne5 Nf8 51. d7 Ne6+ 52. Kd5 Nd8 53. Nc6 Nf7 54. g4 hxg4 55. hxg4 Kxf4 56. Ke6 1-0

[Event "Estonian Chess Championship 2022"]
[Site "Tallinn, Paul Keres Chess House, Estonia"]
[Date "2022.12.11"]
[Round "2.4"]
[White "Medar, Marti"]
[Black "Seeman, Tarvo"]
[Result "1/2-1/2"]
[TimeControl "90 minutes for first 40 moves and 15 min. for the rest of the game with 30 sec. increment from move 1"]
[BlackTitle "IM"]
[WhiteFideId "4501870"]
[BlackFideId "4500547"]
[WhiteElo "2069"]
[BlackElo "2405"]

1. Nf3 g6 2. c4 c5 3. e3 Nf6 4. b3 Bg7 5. Bb2 Nc6 6. Be2 O-O 7. O-O d6 8. d4 cxd4 9. Nxd4 Bd7 10. Nc3 Qa5 11. Qd2 Rfc8 12. Rfd1 Rab8 13. Rac1 a6 14. a3 Qd8 15. Nd5 Nxd5 16. cxd5 Nxd4 17. Bxd4 Bxd4 18. Qxd4 Rxc1 19. Rxc1 Rc8 20. Rxc8 Qxc8 21. Qd2 Bb5 22. Bxb5 axb5 23. e4 f5 24. exf5 Qxf5 25. Qd1 Kf7 26. h3 h5 27. b4 h4 28. Qd4 g5 29. f3 Qf4 30. Qd3 Qc1+ 31. Kh2 Qf4+ 32. Kg1 Qc1+ 1/2-1/2

[Event "Estonian Chess Championship 2022"]
[Site "Tallinn, Paul Keres Chess House, Estonia"]
[Date "2022.12.11"]
[Round "2.5"]
[White "Kiik, Kalle"]
[Black "Volodin, Aleksandr"]
[Result "0-1"]
[TimeControl "90 minutes for first 40 moves and 15 min. for the rest of the game with 30 sec. increment from move 1"]
[WhiteTitle "IM"]
[BlackTitle "GM"]
[WhiteFideId "4500075"]
[BlackFideId "4501950"]
[WhiteElo "2369"]
[BlackElo "2440"]

1. d4 Nf6 2. Nf3 e6 3. e3 d5 4. c4 dxc4 5. Bxc4 a6 6. O-O Nbd7 7. a4 b6 8. Nc3 Bb7 9. Qe2 Bb4 10. Rd1 Qe7 11. Bd3 c5 12. Na2 Ba5 13. dxc5 bxc5 14. e4 O-O 15. Bg5 h6 16. Bh4 e5 17. Rac1 Rfe8 18. Nc3 Nb6 19. Bb1 Bxc3 20. Rxc3 Nxa4 21. Rcd3 Rad8 22. h3 Rxd3 23. Bxd3 Rd8 24. Bxf6 Qxf6 25. Ra1 c4 26. Bxc4 Nc5 27. b4 Nxe4 28. Bxa6 Ba8 29. Qe3 Nxf2 30. Qxf2 e4 31. Nd4 Qxd4 32. Qxd4 Rxd4 33. Be2 Bd5 34. Rb1 f5 35. b5 f4 36. b6 Bb7 37. h4 Rd6 38. Rb5 g6 39. h5 g5 40. Bg4 Kg7 41. Kf2 Rd2+ 42. Ke1 Rxg2 43. Rc5 Rxg4 44. Rc7+ Kf6 45. Rxb7 Rg1+ 0-1

[Event "Estonian Chess Championship 2022"]
[Site "Tallinn, Paul Keres Chess House, Estonia"]
[Date "2022.12.12"]
[Round "3.1"]
[White "Volodin, Aleksandr"]
[Black "Kanep, Meelis"]
[Result "1/2-1/2"]
[TimeControl "90 minutes for first 40 moves and 15 min. for the rest of the game with 30 sec. increment from move 1"]
[WhiteTitle "GM"]
[BlackTitle "GM"]
[WhiteFideId "4501950"]
[BlackFideId "4501047"]
[WhiteElo "2440"]
[BlackElo "2412"]

1. d4 Nf6 2. c4 e6 3. Nc3 c5 4. d5 exd5 5. cxd5 d6 6. Nf3 g6 7. Bf4 Bg7 8. Qa4+ Bd7 9. Qb3 O-O 10. e3 Qc7 11. h3 Na6 12. Nd2 Rab8 13. a4 Nb4 14. Be2 a6 15. Nc4 Ne8 16. a5 Bf5 17. O-O Qe7 18. Rac1 Nd3 19. Bxd3 Bxd3 20. Rfd1 Bxc4 21. Qxc4 b5 22. axb6 Rxb6 23. Na4 Rb5 24. Nc3 Rb6 1/2-1/2

[Event "Estonian Chess Championship 2022"]
[Site "Tallinn, Paul Keres Chess House, Estonia"]
[Date "2022.12.12"]
[Round "3.2"]
[White "Seeman, Tarvo"]
[Black "Kiik, Kalle"]
[Result "1/2-1/2"]
[TimeControl "90 minutes for first 40 moves and 15 min. for the rest of the game with 30 sec. increment from move 1"]
[WhiteTitle "IM"]
[BlackTitle "IM"]
[WhiteFideId "4500547"]
[BlackFideId "4500075"]
[WhiteElo "2405"]
[BlackElo "2369"]

1. e4 e5 2. Nf3 Nc6 3. Nc3 Nf6 4. d4 exd4 5. Nxd4 Bb4 6. Nxc6 bxc6 7. Bd3 d5 8. exd5 cxd5 9. O-O O-O 10. Bg5 c6 11. Qf3 h6 12. Bxf6 Qxf6 13. Qxf6 gxf6 14. Ne2 Bd6 15. Nd4 c5 16. Nf5 Be5 17. Ne7+ Kg7 18. Nxc8 Raxc8 19. Rab1 c4 20. Bf5 Rc5 1/2-1/2

[Event "Estonian Chess Championship 2022"]
[Site "Tallinn, Paul Keres Chess House, Estonia"]
[Date "2022.12.12"]
[Round "3.4"]
[White "Sirosh, Ilja"]
[Black "Timoshin, Andrei"]
[Result "1/2-1/2"]
[TimeControl "90 minutes for first 40 moves and 15 min. for the rest of the game with 30 sec. increment from move 1"]
[WhiteTitle "IM"]
[WhiteFideId "4500458"]
[BlackFideId "4503503"]
[WhiteElo "2386"]
[BlackElo "2179"]

1. e4 e5 2. Nf3 Nf6 3. Nc3 Bb4 4. Nxe5 O-O 5. Be2 Re8 6. Nd3 Bxc3 7. dxc3 Nxe4 8. O-O d6 9. Re1 Nc6 10. f3 Nf6 11. Bg5 h6 12. Bh4 Bf5 13. Bf1 Ne5 14. b3 Ng6 15. Bf2 c5 16. Rxe8+ Qxe8 17. Qd2 b6 18. a4 Qc6 19. Re1 Rd8 20. a5 Qc7 21. axb6 axb6 22. Ra1 Qb7 23. Ra2 Ra8 24. Rxa8+ Qxa8 25. Nf4 Nxf4 26. Qxf4 Bxc2 27. Qxd6 Qa1 28. Qxb6 Qxc3 29. Qxc5 Qxc5 30. Bxc5 Bxb3 31. g4 g5 32. Kf2 Nd5 33. Kg3 Nf4 34. h4 Ne6 35. Be3 Bd5 36. h5 f5 37. gxf5 Ng7 38. Kg4 Bf7 39. Bd3 1/2-1/2

[Event "Estonian Chess Championship 2022"]
[Site "Tallinn, Paul Keres Chess House, Estonia"]
[Date "2022.12.12"]
[Round "3.5"]
[White "Kulaots, Kaido"]
[Black "Soot, Margus"]
[Result "1-0"]
[TimeControl "90 minutes for first 40 moves and 15 min. for the rest of the game with 30 sec. increment from move 1"]
[WhiteTitle "GM"]
[WhiteFideId "4500261"]
[BlackFideId "4501160"]
[WhiteElo "2513"]
[BlackElo "2121"]

1. e4 c5 2. Nf3 Nc6 3. d4 cxd4 4. Nxd4 e5 5. Nb5 d6 6. N1c3 a6 7. Na3 b5 8. Nd5 Nf6 9. Nxf6+ gxf6 10. c4 b4 11. Nc2 f5 12. exf5 Bxf5 13. Ne3 Be6 14. Bd3 Nd4 15. O-O Bg7 16. Qh5 h6 17. Nd5 O-O 18. Bxh6 f5 19. Bg5 Bf7 20. Qh4 1-0

[Event "Estonian Chess Championship 2022"]
[Site "Tallinn, Paul Keres Chess House, Estonia"]
[Date "2022.12.13"]
[Round "4.1"]
[White "Kanep, Meelis"]
[Black "Soot, Margus"]
[Result "1-0"]
[TimeControl "90 minutes for first 40 moves and 15 min. for the rest of the game with 30 sec. increment from move 1"]
[WhiteTitle "GM"]
[WhiteFideId "4501047"]
[BlackFideId "4501160"]
[WhiteElo "2412"]
[BlackElo "2121"]

1. d4 d5 2. c4 e6 3. Nf3 Ne7 4. Nc3 Nbc6 5. e3 g6 6. h4 h5 7. g3 Bg7 8. Bg2 b6 9. O-O O-O 10. b3 Bb7 11. Ba3 Qd7 12. Rc1 Rfd8 13. cxd5 exd5 14. Ng5 f6 15. Nh3 a5 16. Nf4 Nb4 17. Qd2 Bf8 18. Bxb4 axb4 19. Na4 Bc6 20. Qxb4 Bxa4 21. bxa4 Rxa4 22. Qb3 Ra5 23. Qc2 f5 24. Qxc7 Qxc7 25. Rxc7 Rd6 26. Rfc1 Kf7 27. Rb7 Kf6 28. Rcc7 Rb5 29. Bf3 Bh6 30. Rxe7 Bxf4 31. Rf7+ Ke6 32. Rbe7# 1-0

[Event "Estonian Chess Championship 2022"]
[Site "Tallinn, Paul Keres Chess House, Estonia"]
[Date "2022.12.13"]
[Round "4.2"]
[White "Timoshin, Andrei"]
[Black "Kulaots, Kaido"]
[Result "1/2-1/2"]
[TimeControl "90 minutes for first 40 moves and 15 min. for the rest of the game with 30 sec. increment from move 1"]
[BlackTitle "GM"]
[WhiteFideId "4503503"]
[BlackFideId "4500261"]
[WhiteElo "2179"]
[BlackElo "2513"]

1. e4 c5 2. c3 Nf6 3. e5 Nd5 4. d4 cxd4 5. Nf3 Nc6 6. cxd4 d6 7. Bc4 dxe5 8. Bxd5 Qxd5 9. Nc3 Qd6 10. d5 Nd4 11. Nxd4 exd4 12. Qxd4 e5 13. Qd3 Bd7 14. O-O Qg6 15. Qe2 Bd6 16. f4 O-O 17. fxe5 Rae8 18. Bf4 Bxe5 19. Bxe5 f6 20. Rae1 Rxe5 21. Qf2 Rfe8 22. Rxe5 Rxe5 23. Qxa7 Bh3 24. Qb8+ Kf7 25. Qc7+ Kg8 26. Qb8+ Kf7 27. Qc7+ Kg8 28. Qb8+ 1/2-1/2

[Event "Estonian Chess Championship 2022"]
[Site "Tallinn, Paul Keres Chess House, Estonia"]
[Date "2022.12.13"]
[Round "4.3"]
[White "Medar, Marti"]
[Black "Sirosh, Ilja"]
[Result "0-1"]
[TimeControl "90 minutes for first 40 moves and 15 min. for the rest of the game with 30 sec. increment from move 1"]
[BlackTitle "IM"]
[WhiteFideId "4501870"]
[BlackFideId "4500458"]
[WhiteElo "2069"]
[BlackElo "2386"]

1. c4 e6 2. Nc3 d5 3. d4 c5 4. dxc5 d4 5. Ne4 f5 6. Nd6+ Bxd6 7. cxd6 Qxd6 8. e3 e5 9. exd4 exd4 10. Nf3 Nc6 11. Be3 Qe7 12. Nxd4 f4 13. Nxc6 bxc6 14. Qf3 fxe3 15. Qxc6+ Kf7 16. O-O-O Bb7 17. Qb5 Nf6 18. Re1 Rab8 19. Rxe3 Be4 20. Qa5 Qb7 21. b3 Rhd8 22. f3 Bg6 23. h4 h5 24. c5 Qd7 25. Bc4+ Kf8 26. Rhe1 Qf5 27. Re4 Nxe4 28. Rxe4 Qf6 0-1

[Event "Estonian Chess Championship 2022"]
[Site "Tallinn, Paul Keres Chess House, Estonia"]
[Date "2022.12.13"]
[Round "4.5"]
[White "Volodin, Aleksandr"]
[Black "Seeman, Tarvo"]
[Result "1/2-1/2"]
[TimeControl "90 minutes for first 40 moves and 15 min. for the rest of the game with 30 sec. increment from move 1"]
[WhiteTitle "GM"]
[BlackTitle "IM"]
[WhiteFideId "4501950"]
[BlackFideId "4500547"]
[WhiteElo "2440"]
[BlackElo "2405"]

1. d4 Nf6 2. c4 g6 3. Nc3 Bg7 4. e4 d6 5. f3 O-O 6. Be3 Nbd7 7. Qd2 c5 8. Nge2 a6 9. Rd1 Qa5 10. Nc1 cxd4 11. Bxd4 Ne5 12. Nb3 Qb4 13. Qc2 Nc6 14. Bf2 Nd7 15. Be2 Nc5 16. O-O Be6 17. Nd5 Bxd5 18. exd5 Nxb3 19. dxc6 Nc5 20. a3 Qxb2 21. Qxb2 Bxb2 22. Bxc5 dxc5 23. cxb7 Ra7 24. Rd7 Rb8 25. Rb1 Raxb7 26. Rxb7 Rxb7 27. Kf1 Kf8 28. f4 e6 29. Bf3 Rb8 30. Ke2 Ke7 31. Be4 h5 32. g3 a5 33. Bc6 Rb6 34. Ba4 Rb8 35. Kf3 Kf6 36. h4 Ke7 37. Ke2 Rb6 38. Kf3 Rb7 39. Ke2 Rb8 40. Bd1 Kd6 41. Bc2 Kc7 42. Ba4 Kd6 43. Kd3 Kc7 44. Kc2 Bxa3 45. Rxb8 Kxb8 46. Be8 Kc7 47. Bxf7 Kd6 48. Bxg6 Bb4 49. Bxh5 Be1 50. g4 Bxh4 51. g5 Bf2 52. Bg4 Be3 53. g6 Bd4 54. Kb3 Ke7 55. Ka4 Kf6 56. Kxa5 Kxg6 1/2-1/2

[Event "Estonian Chess Championship 2022"]
[Site "Tallinn, Paul Keres Chess House, Estonia"]
[Date "2022.12.14"]
[Round "5.2"]
[White "Rychagov, Nikita"]
[Black "Volodin, Aleksandr"]
[Result "0-1"]
[TimeControl "90 minutes for first 40 moves and 15 min. for the rest of the game with 30 sec. increment from move 1"]
[BlackTitle "GM"]
[WhiteFideId "4508394"]
[BlackFideId "4501950"]
[WhiteElo "2180"]
[BlackElo "2440"]

1. e4 c5 2. Nf3 d6 3. d4 cxd4 4. Nxd4 Nf6 5. Nc3 a6 6. Be3 e5 7. Nb3 Be6 8. f3 Be7 9. Qd2 O-O 10. O-O-O Nbd7 11. g4 b5 12. g5 Nh5 13. Kb1 Nb6 14. Na5 Qc7 15. a3 Rab8 16. Nd5 Nxd5 17. exd5 Bd7 18. Rg1 f5 19. g6 Bf6 20. gxh7+ Kh8 21. Rc1 Bd8 22. Nb3 a5 23. c4 f4 24. Bf2 Bf5+ 25. Ka1 b4 26. c5 bxa3 27. cxd6 Qb7 28. Bc4 axb2+ 29. Kxb2 a4 30. Ra1 Qd7 31. Rgc1 Bf6 32. Rc3 Rfc8 33. Qd1 0-1

[Event "Estonian Chess Championship 2022"]
[Site "Tallinn, Paul Keres Chess House, Estonia"]
[Date "2022.12.14"]
[Round "5.3"]
[White "Sirosh, Ilja"]
[Black "Kiik, Kalle"]
[Result "1/2-1/2"]
[TimeControl "90 minutes for first 40 moves and 15 min. for the rest of the game with 30 sec. increment from move 1"]
[WhiteTitle "IM"]
[BlackTitle "IM"]
[WhiteFideId "4500458"]
[BlackFideId "4500075"]
[WhiteElo "2386"]
[BlackElo "2369"]

1. d4 d6 2. e4 Nf6 3. Nc3 e5 4. dxe5 dxe5 5. Qxd8+ Kxd8 6. Bc4 Ke8 7. f4 Bb4 8. Bd3 Nbd7 9. Nf3 Bd6 10. Bd2 c6 11. g3 h6 12. O-O-O Ke7 13. h3 Re8 14. Rde1 b5 15. g4 Kd8 16. f5 a5 17. Nd1 a4 18. Nh2 Nc5 19. h4 Nxd3+ 20. cxd3 Nd7 21. Ref1 f6 22. g5 h5 23. gxf6 gxf6 24. Rhg1 a3 25. b3 Rh8 26. Rg6 Bf8 27. Rfg1 Ke8 28. Kc2 Kf7 1/2-1/2

[Event "Estonian Chess Championship 2022"]
[Site "Tallinn, Paul Keres Chess House, Estonia"]
[Date "2022.12.14"]
[Round "5.4"]
[White "Kulaots, Kaido"]
[Black "Medar, Marti"]
[Result "1-0"]
[TimeControl "90 minutes for first 40 moves and 15 min. for the rest of the game with 30 sec. increment from move 1"]
[WhiteTitle "GM"]
[WhiteFideId "4500261"]
[BlackFideId "4501870"]
[WhiteElo "2513"]
[BlackElo "2069"]

1. e4 e6 2. d4 d5 3. Nc3 Bb4 4. e5 Qd7 5. a3 Bxc3+ 6. bxc3 b6 7. Qg4 f5 8. Qg3 Ba6 9. Bxa6 Nxa6 10. Ne2 Nb8 11. Nf4 Nc6 12. Nxe6 Qxe6 13. Qxg7 Qg6 14. Qxh8 Qxg2 15. Rf1 O-O-O 16. Qxh7 Qe4+ 17. Be3 Qxc2 18. Rc1 Qd3 19. Rg1 Nge7 20. Rg7 Re8 21. Qh5 Kd7 22. Bg5 Qe4+ 23. Kf1 Qh1+ 24. Ke2 Qe4+ 25. Be3 1-0

[Event "Estonian Chess Championship 2022"]
[Site "Tallinn, Paul Keres Chess House, Estonia"]
[Date "2022.12.14"]
[Round "5.5"]
[White "Soot, Margus"]
[Black "Timoshin, Andrei"]
[Result "0-1"]
[TimeControl "90 minutes for first 40 moves and 15 min. for the rest of the game with 30 sec. increment from move 1"]
[WhiteFideId "4501160"]
[BlackFideId "4503503"]
[WhiteElo "2121"]
[BlackElo "2179"]

1. c4 e6 2. Nf3 d5 3. g3 Nf6 4. Bg2 c5 5. O-O d4 6. d3 Nc6 7. e3 dxe3 8. Bxe3 e5 9. Re1 Bd6 10. Nc3 O-O 11. Ne4 Nxe4 12. dxe4 Nd4 13. Nxd4 cxd4 14. Bd2 Be6 15. Qa4 a6 16. Bf1 Qe7 17. Rec1 f5 18. exf5 Rxf5 19. c5 Bxc5 20. Bh3 Rf6 21. Bg5 Bxh3 22. Bxf6 Qxf6 23. Rxc5 Rf8 24. Qc4+ Kh8 25. Qe2 d3 26. Qe3 e4 27. Rc3 Bg4 28. Rac1 h6 29. f4 exf3 30. Kf2 Qg6 31. Re1 Bf5 32. Qd4 Qg5 33. Qf4 Qd8 34. Rc7 Qf6 35. Qb4 Rd8 36. Qc3 Qb6+ 37. Kxf3 Qg6 38. Qd2 Rf8 39. Ree7 Bh3+ 40. Ke3 Qg5+ 41. Kxd3 Rd8+ 42. Rxb7 Rc8 43. Rb8 0-1

[Event "Estonian Chess Championship 2022"]
[Site "Tallinn, Paul Keres Chess House, Estonia"]
[Date "2022.12.15"]
[Round "6.1"]
[White "Kanep, Meelis"]
[Black "Timoshin, Andrei"]
[Result "0-1"]
[TimeControl "90 minutes for first 40 moves and 15 min. for the rest of the game with 30 sec. increment from move 1"]
[WhiteTitle "GM"]
[WhiteFideId "4501047"]
[BlackFideId "4503503"]
[WhiteElo "2412"]
[BlackElo "2179"]

1. d4 d5 2. c4 e6 3. Nf3 Nf6 4. Nc3 Bb4 5. g3 O-O 6. Bg2 dxc4 7. O-O Nc6 8. e3 Rb8 9. Qe2 b5 10. Rd1 Nd5 11. Bd2 Nxc3 12. bxc3 Ba3 13. e4 Bb7 14. h4 Ne7 15. h5 c5 16. h6 g6 17. Bf4 Rc8 18. d5 exd5 19. exd5 Re8 20. d6 Nd5 21. Qd2 b4 22. d7 Qxd7 23. Ne5 bxc3 24. Nxd7 cxd2 25. Bxd5 Bxd5 26. Nf6+ Kh8 27. Nxe8 Rxe8 28. Rxd2 Bf3 29. Be5+ Kg8 30. Bf6 Bb4 31. Rc2 Re6 32. Bg7 Be2 33. a3 Ba5 34. Bc3 Bd3 35. Rcc1 Bxc3 36. Rxc3 g5 37. f3 Rxh6 38. Re1 Rb6 39. Re5 Rb1+ 40. Kg2 Rb2+ 41. Kg1 Rb1+ 42. Kf2 Rb2+ 43. Ke1 f6 44. Rxc5 h5 45. Ra5 h4 46. gxh4 gxh4 47. Rh5 Rh2 48. Rc1 Kg7 49. f4 Kg6 50. Rh8 Kf5 51. Rh6 h3 52. Rd1 Kxf4 53. Rxf6+ Ke3 54. Re6+ Be4 0-1